General information
			
			
        
        - name: BNet
 
        - type: Ladder team game (AT/RT)
 
        - host: Battle.net
 
        - saver: Visions-
 
        
map: Avalanche 
        - players: 4
 
        - length: 09:53
 
        - speed: Fast
 - version: 1.22 W3XP
 - replay type:  Public
 
» download(61 KB)
Players
        team 1 (winner) 
              
              
» 
LaGTeSt- (
green | 133 APM | 1314 actions | 09:52)
              
 3 Death Knight 
 2 Death Coil
 1 Unholy Aura
 1 Lich 
 1 Frost Nova
 
                » actions 
                
                | Assign group hotkey | 59 |  | 
| Basic commands | 18 |  | 
| Build / train | 48 |  | 
| Enter build submenu | 11 |  | 
| Enter hero's abilities submenu | 4 |  | 
| Give item / drop item | 1 |  | 
| Right click | 521 |  | 
| Select / deselect | 139 |  | 
| Select group hotkey | 464 |  | 
| Use ability | 49 |  | 
                1314 total
 » units 
                
                | Acolyte | 5 |  | 
| Ghoul | 6 |  | 
| Crypt Fiend | 16 |  | 
| Obsidian Statue | 2 |  | 
| Abomination | 1 |  | 
                30 total
 » buildings
                
                | Crypt | 1 |  | 
| Graveyard | 1 |  | 
| Altar of Darkness | 1 |  | 
| Ziggurat | 4 |  | 
| Tomb of Relics | 1 |  | 
| Nerubian Tower | 1 |  | 
| Halls of the Dead | 4 |  | 
| Slaughterhouse | 1 |  | 
| Black Citadel | 2 |  | 
                16 total
 » build order
                00:07 Crypt
00:09 Graveyard
00:40 Altar of Darkness
00:57 Ziggurat
01:27 Tomb of Relics
02:14 Nerubian Tower
02:33 Ziggurat
03:43 Halls of the Dead
03:43 Halls of the Dead
04:27 Ziggurat
06:27 Slaughterhouse
07:01 Black Citadel
07:02 Black Citadel
08:02 Ziggurat
» items
                 
               
              
              
» 
Visions- (
pink | 134 APM | 1321 actions | 09:53)
              
 3 Crypt Lord 
 2 Carrion Beetles
 1 Spiked Carapace
 
                » actions 
                
                | Assign group hotkey | 28 |  | 
| Build / train | 26 |  | 
| Enter build submenu | 13 |  | 
| Enter hero's abilities submenu | 3 |  | 
| Right click | 581 |  | 
| Select / deselect | 238 |  | 
| Select group hotkey | 407 |  | 
| Use ability | 25 |  | 
                1321 total
 » units 
                
                | Acolyte | 4 |  | 
| Ghoul | 1 |  | 
| Crypt Fiend | 8 |  | 
                13 total
 » buildings
                
                | Graveyard | 1 |  | 
| Crypt | 1 |  | 
| Altar of Darkness | 1 |  | 
| Ziggurat | 8 |  | 
| Tomb of Relics | 2 |  | 
| Nerubian Tower | 1 |  | 
| Spirit Tower | 3 |  | 
| Halls of the Dead | 1 |  | 
                18 total
 » build order
                00:07 Graveyard
00:11 Crypt
00:43 Altar of Darkness
00:58 Ziggurat
01:28 Tomb of Relics
02:01 Ziggurat
03:37 Ziggurat
06:03 Ziggurat
07:12 Ziggurat
07:14 Ziggurat
07:16 Ziggurat
07:17 Ziggurat
08:07 Nerubian Tower
08:09 Spirit Tower
08:10 Spirit Tower
08:15 Halls of the Dead
08:24 Tomb of Relics
» items
                
                | Rod of Necromancy | 2 |  | 
| Sacrificial Skull | 1 |  | 
| Dust of Appearance | 1 |  | 
                4 total
  
               team 2 (loser) 
              
              
» 
418 (
blue | 86 APM | 851 actions | 09:52)
              
 1 Demon Hunter 
 1 Mana Burn
 1 Pandaren Brewmaster 
 1 Breath of Fire
 
                » actions 
                
                | Assign group hotkey | 12 |  | 
| Build / train | 36 |  | 
| ESC pressed | 5 |  | 
| Enter build submenu | 19 |  | 
| Enter hero's abilities submenu | 2 |  | 
| Right click | 389 |  | 
| Select / deselect | 268 |  | 
| Select group hotkey | 68 |  | 
| Use ability | 52 |  | 
                851 total
 » units 
                » buildings
                
                | Altar of Elders | 1 |  | 
| Moon Well | 5 |  | 
| Hunter's Hall | 1 |  | 
| Ancient of War | 1 |  | 
| Tree of Ages | 1 |  | 
| Ancient of Lore | 5 |  | 
| Ancient of Wonders | 1 |  | 
| Ancient Protector | 2 |  | 
                17 total
 » build order
                00:11 Altar of Elders
00:16 Moon Well
01:47 Hunter's Hall
01:49 Ancient of War
02:02 Moon Well
02:04 Moon Well
02:50 Moon Well
03:35 Tree of Ages
04:42 Moon Well
06:09 Ancient of Lore
06:12 Ancient of Wonders
06:29 Ancient of Lore
07:24 Ancient of Lore
08:01 Ancient of Lore
08:03 Ancient Protector
08:43 Ancient Protector
09:06 Ancient of Lore
» items
                
                | Potion of Healing | 1 |  | 
| Potion of Mana | 1 |  | 
                2 total
  
               
              
              
» 
KODOS_FORSAKEN (
teal | 119 APM | 1168 actions | 09:49)
              
 3 Archmage 
 2 Summon Water Elemental
 1 Brilliance Aura
 1 Mountain King 
 1 Storm Bolt
 
                » actions 
                
                | Assign group hotkey | 124 |  | 
| Basic commands | 11 |  | 
| Build / train | 40 |  | 
| Enter build submenu | 19 |  | 
| Enter hero's abilities submenu | 4 |  | 
| Right click | 519 |  | 
| Select / deselect | 195 |  | 
| Select group hotkey | 199 |  | 
| Use ability | 57 |  | 
                1168 total
 » units 
                
                | Peasant | 9 |  | 
| Footman | 12 |  | 
| Spell Breaker | 3 |  | 
                24 total
 » upgrades
                » buildings
                
                | Altar of Kings | 1 |  | 
| Barracks | 1 |  | 
| Farm | 5 |  | 
| Scout Tower | 3 |  | 
| Arcane Tower | 1 |  | 
| Keep | 1 |  | 
| Lumber Mill | 1 |  | 
| Blacksmith | 1 |  | 
| Guard Tower | 1 |  | 
| Arcane Sanctum | 1 |  | 
| Arcane Vault | 1 |  | 
                17 total
 » build order
                00:05 Altar of Kings
00:19 Barracks
00:34 Farm
00:49 Farm
01:27 Scout Tower
01:54 Farm
02:01 Arcane Tower
02:52 Farm
03:42 Keep
03:55 Lumber Mill
03:56 Scout Tower
04:10 Scout Tower
04:43 Blacksmith
04:46 Farm
06:01 Guard Tower
06:06 Arcane Sanctum
06:10 Arcane Vault
» items
                
                | Scroll of Regeneration | 1 |  | 
| Lesser Clarity Potion | 1 |  | 
| Potion of Healing | 1 |  | 
                3 total
  
                Chat log
          (00:22 / Allies) LaGTeSt-: hoho dual ud
(00:23 / Allies) LaGTeSt-: :P
(03:38 / Allies) LaGTeSt-: need help?
(03:51 / Allies) Visions-: um
(03:56 / Allies) Visions-: just hit soon or else i dont think we have a chance
(04:25 / Allies) Visions-: esp since they're getting every jackl
(04:43 / Allies) Visions-: lol
(04:46 / Allies) LaGTeSt-: lol
(05:58 / Allies) Visions-: grab a rod and lets hit the elf
(06:23 / Allies) LaGTeSt-: k go
(07:55 / Allies) LaGTeSt-: dh
(08:48 / All) LaGTeSt-: eat this mh
(08:54 / All) 418: ironic
(08:56 / All) 418: given the source
(09:15 / All) Visions-: the source?
(09:20 / All) 418: you're maphackers
(09:23 / All) Visions-: rofl
(09:27 / All) LaGTeSt-: LOL